 Dungeon Crawl Stone Soup version 0.30-a0-373-gd37427bb62 (webtiles) character file.

Game seed: 11291321925632255810

32 Shayle the Conjurer (level 3, 0/28 HPs)
             Began as a Demonspawn Reaver on Nov 24, 2022.
             Slain by a rat (2 damage)
             ... on level 2 of the Dungeon.
             The game lasted 00:02:05 (1093 turns).

Shayle the Conjurer (Demonspawn Reaver)             Turns: 1093, Time: 00:02:06

Health: 0/28       AC:  5    Str: 12    XL:     3   Next: 10%
Magic:  6/6        EV: 11    Int: 16    God:
Gold:   67         SH:  0    Dex: 11    Spells: 3/6 levels left

rFire   . . .      SeeInvis .    a - +0 hand axe
rCold   . . .      Faith    .    (no shield)
rNeg    . . .      Spirit   .    b - +0 leather armour
rPois   .          Reflect  .    (no helmet)
rElec   .          Harm     .    (no cloak)
rCorr   .          Rampage  .    (no gloves)
Will    .....                    h - +1 pair of boots
Stlth   +.........               (no amulet)
HPRegen 0.24/turn                (no ring)
MPRegen 0.10/turn                (no ring)

@: no status effects
A: hooves 1
a: no special abilities


You were on level 2 of the Dungeon.
You visited 1 branch of the dungeon, and saw 2 of its levels.

You collected 67 gold pieces.

Inventory:

Hand Weapons
 a - a +0 hand axe (weapon)
Armour
 b - a +0 leather armour (worn)
 h - a +1 pair of boots (worn)
Scrolls
 c - 2 scrolls of teleportation {unknown}
 e - a scroll of blinking {unknown}
 i - a scroll of identify {unknown}
 j - a scroll of enchant armour {unknown}
Potions
 d - a potion of cancellation {unknown}
 f - 2 potions of degeneration {unknown}
 g - a potion of mutation {unknown}
 k - a potion of haste {unknown}


   Skills:
 + Level 2.5 Fighting
 - Level 2.6 Axes
 + Level 1.1 Armour
 - Level 1.7 Dodging
 + Level 1.2 Stealth
 - Level 2.0 Spellcasting
 + Level 3.1 Conjurations
 + Level 0.2 Air Magic


You had 3 spell levels left.
You knew the following spells:

 Your Spells              Type           Power      Damage    Failure   Level
a - Kiss of Death         Conj/Necr      24%        2d7       14%         1
b - Static Discharge      Conj/Air       14%        2-3/arc   21%         2

Your spell library contained the following spells:

 Spells                   Type           Power      Damage    Failure   Level
 Momentum Strike          Conj/Tloc      12%        3d8       22%         2
 Hailstorm                Conj/Ice       6%         3d4       38%         3
 Vhi's Electric Charge    Tloc/Air       4%         N/A       58%         3
 Confusing Touch          Hex            1%         N/A       61%         3
 Dispel Undead            Necr           1%         3d6       95%         4
 Arcjolt                  Conj/Air       3%         1d13      98%         5
 Lightning Bolt           Conj/Air       3%         1d15      98%         5


Dungeon Overview and Level Annotations

Branches:
Dungeon (2/15)

Altars:


Innate Abilities, Weirdness & Mutations

You have large cloven feet.


Message History

The orc closely misses you.
You bump into the rock wall.
The giant cockroach bites you but does no damage.
The orc closely misses you. The orc wizard barely misses you.
The giant cockroach bites you but does no damage.
You bump into the rock wall.
The orc hits you but does no damage. x2
The orc wizard hits you with a +0 dagger.
The giant cockroach bites you but does no damage.
Unknown command.
You closely miss the orc. You hit the giant cockroach. You miss the orc wizard.
The giant cockroach bites you but does no damage.
The orc hits you from afar with a +0 trident.
* * * LOW HITPOINT WARNING * * *
The orc hits you with a +0 club.
* * * LOW HITPOINT WARNING * * *
The orc wizard barely misses you.
You bump into the rock wall.
The giant cockroach barely misses you. The orc barely misses you.
The orc wizard closely misses you.
Unknown command.
You hit the giant cockroach.
You kill the giant cockroach!
You miss the orc. You closely miss the orc wizard.
The orc hits you but does no damage. The orc misses you.
The orc wizard hits you but does no damage.
You hit the rat but do no damage. You closely miss the orc wizard.
You hit the orc but do no damage.
You feel less confused. The orc barely misses you.
The rat bites you but does no damage.
The orc wizard hits you but does no damage.
The orc hits you with a +0 club.
* * * LOW HITPOINT WARNING * * *
You closely miss the rat. You hit the orc but do no damage.
You closely miss the orc wizard.
The orc hits you from afar with a +0 trident.
* * * LOW HITPOINT WARNING * * *
The rat barely misses you. The orc wizard barely misses you.
The orc completely misses you.
The orc wizard hits you but does no damage.
The orc closely misses you. The orc barely misses you. The rat bites you.
You die...

##...## ##..<>.##
## .# #.......## #
.##.#
.........####......
.........+ ... ...
.........# #..... #
#..[....## #o#.##.#
##.....## #.oro..#
##...## #@# ##+##
#.# #.# # #.# # #.#
# ########.# #
#.....##.# #
#.###.##.# #
#.#......#


You could see an orc wizard, 2 orcs and a rat.

Vanquished Creatures
  A worm (D:2)
  A dart slug (D:1)
  2 endoplasms (D:1)
  3 giant cockroaches
  2 goblins
  A hobgoblin (D:1)
  4 jackals (D:1)
  3 quokkas
  2 ball pythons (D:2)
  3 bats (D:1)
  A kobold (D:1)
23 creatures vanquished.

Notes
Turn   | Place    | Note
-------+----------+-------------------------------------------
     0 | D:1      | Shayle the Demonspawn Reaver began the quest for the Orb.
     0 | D:1      | Reached XP level 1. HP: 16/16 MP: 3/3
   201 | D:1      | Gained mutation: You have large cloven feet. [demonic
                  | ancestry]
   201 | D:1      | Reached XP level 2. HP: 16/22 MP: 5/5
   253 | D:1      | Reached skill level 1 in Stealth
   359 | D:1      | Reached skill level 1 in Armour
   363 | D:1      | Learned a level 2 spell: Static Discharge
   513 | D:1      | Found a faded altar of an unknown god.
   878 | D:2      | Reached XP level 3. HP: 28/28 MP: 6/6
  1093 | D:2      | Slain by a rat

Illustrated notes

Levels and vault maps discovered:
D:1:      scummos_arrival_checkerplants, layout_loops_cross,
          dreamdust_ecumenical_altar_hidden_monk_grotto
D:2:      layout_loops_corners, uniq_crazy_yiuf_cottage, uniq_jessica

Skill      XL: |  1  2 |
---------------+-------+-----
Stealth        | 1 |  1.2
Armour         | 1 |  1.1
Fighting       | |  2.5
Axes           | |  2.6
Dodging        | |  1.7
Spellcasting   | |  2.0
Conjurations   | |  3.1
Air Magic      | |  0.2

Action                   || total
-------------------------++-------
Melee: Hand axe          ||    71
       Punch             ||     1
 Stab: Sleeping          ||     2
Armor: Leather armour    ||    32
Dodge: Dodged            ||    57

Table legend: (Time is in decaauts)
 A = Elapsed time spent in this place.
 B = Non-inter-level travel time spent in this place.
 C = Inter-level travel time spent in this place.
 D = Time resting spent in this place.
 E = Time spent auto-exploring this place.
 F = Levels seen in this place.
 G = Mean time per level.
                   A        B        C        D        E       F      G
               +--------+--------+--------+--------+--------+-----+--------+
         Total |   1105 |   1070 |     35 |      0 |    805 |   2 |  552.5 |
       Dungeon |   1105 |   1070 |     35 |      0 |    805 |   2 |  552.5 |
               +--------+--------+--------+--------+--------+-----+--------+

Top non-repeatable levels by time:
     D:1: 765 daAuts
     D:2: 339 daAuts
